 Dungeon Crawl Stone Soup version 0.32-a0-350-g4f4d228785 (webtiles) character file.

Game seed: 6958191946923399565

855 n00bmints the Cudgeller (level 8, -5/61 HPs)
             Began as a Human Berserker on Feb 17, 2024.
             Was a Believer of Trog.
             Slain by a two-headed ogre
             ... wielding a +0 dire flail
              (18 damage)
             ... on level 5 of the Dungeon.
             The game lasted 00:15:25 (3369 turns).

n00bmints the Cudgeller (Human Berserker)           Turns: 3369, Time: 00:15:25

Health: -5/61      AC: 11    Str: 19    XL:     8   Next: 1%
Magic:  0/8        EV: 11    Int:  8    God:    Trog [**....]
Gold:   241        SH:  0    Dex: 13    Spells: 7/7 levels left

rFire   . . .        m - +0 flail
rCold   . . .        (no shield)
rNeg    + . .        j - +0 scale mail
rPois   .            b - +1 helmet of Snakes and Ladders {rN+}
rElec   .            (no cloak)
rCorr   .            y - +0 pair of gloves
SInv    .            i - +0 pair of boots
Will    .....        e - amulet of guardian spirit Stlth
                     (no ring)
HPRegen 0.30/turn    (no ring)
MPRegen 0.11/turn

%: guardian spirit
@: on berserk cooldown, slowed, very slow
A: explore regen
a: Renounce Religion, Berserk, Trog's Hand


You were on level 5 of the Dungeon.
You worshipped Trog.
Trog was pleased with you.
You visited 1 branch of the dungeon, and saw 5 of its levels.

You collected 241 gold pieces.

Inventory:

Hand Weapons
 a - a +0 mace
 m - a +0 flail (weapon)
 t - a +2 war axe of distortion
Armour
 b - the +1 helmet of Snakes and Ladders (worn) {rN+}
   (You found it on level 2 of the Dungeon)

   rN+:       It protects you from negative energy.
 i - a +0 pair of boots (worn)
 j - a +0 scale mail (worn)
 p - a +1 helmet
 y - a +0 pair of gloves (worn)
 C - a +0 chain mail
Jewellery
 e - an amulet of guardian spirit (around neck)
 l - a ring of protection from cold
Scrolls
 d - a scroll of amnesia {unknown}
 f - a scroll of noise {unknown}
 g - a scroll of silence {unknown}
 n - 2 scrolls of immolation {unknown}
 o - 2 scrolls of identify {unknown}
 q - a scroll of fear {unknown}
 r - a scroll of blinking {unknown}
 s - a scroll of poison {unknown}
 u - a scroll of brand weapon {unknown}
 z - a scroll of enchant armour {unknown}
 B - a scroll of teleportation {unknown}
Potions
 c - a potion of lignification {unknown}
 h - a potion of enlightenment {unknown}
 k - a potion of might {unknown}
 v - 2 potions of mutation {unknown}
 w - a potion of invisibility {unknown}
 x - 2 potions of curing {unknown}
 A - a potion of berserk rage {unknown}


   Skills:
 + Level 4.8 Fighting
 + Level 6.6 Maces & Flails
 + Level 4.3 Armour
 + Level 3.8 Dodging


You had 7 spell levels left.
You didn't know any spells.
Your spell library was empty.

Dungeon Overview and Level Annotations

Branches:
Dungeon (5/15)
 Temple: D:4-7

Altars:
Okawaru
Yredelemnul
Zin
The Shining One


Innate Abilities, Weirdness & Mutations

You regain HP and MP as you explore.


Message History

You completely miss the scorpion.
The scorpion is severely wounded.
Your skin stops crawling.
You feel less strong-willed.
The scorpion stings you but does no damage.
The scorpion barely misses you.
You hit the scorpion.
You kill the scorpion!
Trog accepts your kill.
You have reached level 8!
You feel clever.
Items here: ))) [ ††.
You now have 225 gold pieces (gained 4).
Things that are here:
a +0 hand axe; a +0 chain mail; an orc corpse
Items here: ))) [ ††.
You now have 241 gold pieces (gained 16).
Things that are here:
a +0 club; an orc corpse
Items here: ))) [ ††.
Things that are here:
a +0 club; an orc corpse
Things that are here:
a +0 hand axe; a +0 chain mail; an orc corpse
C - a +0 chain mail A two-headed ogre comes into view.
It is wielding a +0 dire flail and a +0 giant spiked club.
You start removing your armour.
You continue taking off your +0 scale mail.
The two-headed ogre hits you with a +0 dire flail!!
The two-headed ogre barely misses you.
You continue taking off your +0 scale mail.
The two-headed ogre hits you but does no damage.
The two-headed ogre barely misses you.
You continue taking off your +0 scale mail.
The two-headed ogre hits you with a +0 dire flail!
The two-headed ogre hits you with a +0 giant spiked club!
You continue taking off your +0 scale mail.
The two-headed ogre hits you with a +0 dire flail!
* * * LOW HITPOINT WARNING * * *
The two-headed ogre hits you with a +0 giant spiked club!!
You die...

....# #.# .
.##.########.####.#
.....[....#......
###.#####......#
#.## #..#.# #..##
#....# .
##..#####.#..### ..#
##.......##.))##>..#
#.).#########@...#
.....#.# ##O......
..####..# .$.#### .
##..# ..## ..?. ...
##..# #... #.# #..#
.# #..


You could see a two-headed ogre.

Vanquished Creatures
  Menkaure (D:4)
  2 scorpions (D:5)
  4 wights (D:4)
  2 howler monkeys
  A bombardier beetle (D:4)
  A hound (D:5)
  A sleepcap (D:3)
  3 orc wizards
  3 adders
  2 white imps
  4 ribbon worms
  10 orcs
  4 bats
  7 endoplasms
  2 giant cockroaches (D:4)
  4 goblins
  8 hobgoblins
  A quokka (D:4)
  6 ball pythons
  2 frilled lizards
  4 kobolds
  4 rats
76 creatures vanquished.

Notes
Turn   | Place    | Note
-------+----------+-------------------------------------------
     0 | D:1      | n00bmints the Human Berserker began the quest for the Orb.
     0 | D:1      | Reached XP level 1. HP: 18/18 MP: 1/1
   169 | D:1      | Reached XP level 2. HP: 24/24 MP: 2/2
   530 | D:2      | Reached XP level 3. HP: 7/29 MP: 1/3
   785 | D:2      | Identified the +1 helmet of Snakes and Ladders {rN+}
  1141 | D:3      | Found a glowing silver altar of Zin.
  1287 | D:3      | Found a glowing golden altar of the Shining One.
  1319 | D:3      | Reached XP level 4. HP: 32/37 MP: 4/4
  1354 | D:3      | Found an iron altar of Okawaru.
  1492 | D:3      | Reached skill level 4 in Maces & Flails
  1504 | D:3      | Found a faded altar of an unknown god.
  1545 | D:3      | HP: 1/55 [sleepcap (5)]
  1977 | D:3      | Reached XP level 5. HP: 42/42 MP: 3/5
  1981 | D:3      | Reached ** piety under Trog
  2257 | D:4      | Noticed Menkaure
  2264 | D:4      | Killed Menkaure
  2265 | D:4      | Reached skill level 5 in Maces & Flails
  2265 | D:4      | Reached XP level 6. HP: 23/48 MP: 2/6
  2427 | D:4      | Reached XP level 7. HP: 32/55 MP: 5/7
  2704 | D:4      | Found a basalt altar of Yredelemnul.
  3128 | D:4      | Reached skill level 6 in Maces & Flails
  3179 | D:5      | Entered Level 5 of the Dungeon
  3355 | D:5      | Reached XP level 8. HP: 61/61 MP: 8/8
  3364 | D:5      | Noticed a two-headed ogre
  3369 | D:5      | Slain by a two-headed ogre

Illustrated notes

Levels and vault maps discovered:
D:1:      matt_arrival_refuge, layout_basic, serial_rivers,
          chequers_serial_rivers_micro_b, chequers_serial_rivers_micro_d,
          chequers_serial_rivers_micro_e, chequers_serial_rivers_marsh,
          chequers_serial_rivers_room_b, serial_shops,
          nicolae_shop_back_alley_shop, minmay_split_cup_large
D:2:      layout_rooms
D:3:      layout_basic, okawaru_ov_weapons_minmay, lemuel_round_altar,
          tso_oasis_becter, ebering_ecumenical_altar_sacrificial
D:4:      layout_basic, yredelemnul_altar_generic, chequers_decorated_corner,
          minivault_14, uniq_menkaure
D:5:      layout_rooms, minmay_temple_entry_trees

Skill      XL: |  1  2  3  4  5  6  7 |
---------------+----------------------+-----
Maces & Flails | 4 5 6 |  6.6
Fighting       | 4 |  4.8
Armour         | 3 4 |  4.3
Dodging        | 3 |  3.8

Action                     |  1- 3 |  4- 6 |  7- 9 || total
---------------------------+-------+-------+-------++-------
  Melee: Mace              |    91 |     5 |       ||    96
         Flail             |       |    86 |    80 ||   166
 Invoke: Berserk           |     1 |     6 |     3 ||    10
         Trog's Hand       |       |     1 |     4 ||     5
 Armour: Animal skin       |    44 |       |       ||    44
         Scale mail        |     8 |    77 |    78 ||   163
         Leather armour    |     7 |       |       ||     7
  Dodge: Dodged            |    67 |    54 |    50 ||   171

Table legend: (Time is in decaauts)
 A = Elapsed time spent in this place.
 B = Non-inter-level travel time spent in this place.
 C = Inter-level travel time spent in this place.
 D = Time resting spent in this place.
 E = Time spent auto-exploring this place.
 F = Levels seen in this place.
 G = Mean time per level.
                   A        B        C        D        E       F      G
               +--------+--------+--------+--------+--------+-----+--------+
         Total |   3502 |   3500 |      2 |      0 |   1195 |   5 |  700.4 |
       Dungeon |   3502 |   3500 |      2 |      0 |   1195 |   5 |  700.4 |
               +--------+--------+--------+--------+--------+-----+--------+

Top non-repeatable levels by time:
     D:4: 1131 daAuts
     D:3: 1018 daAuts
     D:2: 716 daAuts
     D:1: 425 daAuts
     D:5: 210 daAuts
